Map: Ulzaan

Players

OpuS - Winner!

  • Race: Protoss Protoss
  • Spawn Location: 3:00

Sketchaphone - Winner!

  • Race: Zerg Zerg
  • Spawn Location: 1:00

COMMODORE

  • Race: Protoss Protoss
  • Spawn Location: 9:00

KeltWarrior

  • Race: Terran Terran
  • Spawn Location: 11:00

VOD

Have the link to the VOD?

Description

Time

  • Played on: Jan. 22, 2019, 7:15 p.m.
  • Length: 12:57
Show
View Real Time Build Order
Export as new Build Order

OpuS Protoss - Winner!

Build Orders: 1 Gate Expand, Oracle Opening, Phoenix Opening, Carriers, Mass Phoenix 

Get SALT Encoding   

  12  0:01  Probe  
  13  0:13  Probe  
  14  0:20  Pylon  
  14  0:25  Probe  
  15  0:38  Probe  
  16  0:44  Gateway  
  16  0:50  Probe, Assimilator  
  17  0:59  Probe  
  18  1:08  Probe  
  18  1:16  Probe  
  20  1:34  Probe  
  20  1:37  Nexus  
  21  1:42  Pylon  
  21  1:53  Cybernetics Core  
  20  2:05  Probe  
  21  2:08  Assimilator  
  21  2:13  Probe  
  22  2:29  Stargate  
  22  2:41  Pylon, Probe  
  23  2:50  Probe  
  24  2:53  Probe  
  25  3:02  Probe  
  25  3:05  Probe  
  27  3:06  Warp Gate  
  27  3:13  Oracle  
  27  3:14  Probe  
  27  3:17  Probe  
  27  3:18  Assimilator  
  32  3:22  Assimilator  
  32  3:26  Probe  
  33  3:29  Probe  
  34  3:36  Stargate  
  34  3:38  Pylon, Probe  
  35  3:41  Probe  
  36  3:51  Probe  
  36  3:53  Probe, Phoenix  
  40  4:03  Probe  
  40  4:05  Probe  
  42  4:15  Probe  
  42  4:17  Probe  
  42  4:19  Forge  
  42  4:21  Phoenix  
  42  4:23  Pylon  
  45  4:27  Phoenix  
  47  4:36  Probe  
  47  4:37  Probe  
  49  4:53  Photon Cannon  
  49  4:55  Phoenix x2  
  51  5:20  Phoenix x2  
  55  5:24  Probe x2  
  55  5:36  Probe  
  55  5:39  Probe  
  57  5:45  Phoenix x2  
  57  5:48  Probe  
  62  5:53  Fleet Beacon  
  62  5:54  Pylon  
  62  5:57  Pylon  
  59  6:10  Phoenix x2  
  63  6:22  Nexus  
  63  6:25  Pylon  
  63  6:27  Phoenix x2  
  63  6:30  Anion Pulse-Crystals  
  67  6:48  Probe x2  
  73  6:58  Carrier  
  75  7:03  Carrier  
  73  7:30  Probe x2  
  73  7:31  Assimilator  
  73  7:36  Assimilator  
  75  7:39  Pylon, Stargate  
  75  7:41  Stargate  
  75  7:42  Probe x2  
  75  7:57  Probe x3  
  76  8:02  Cybernetics Core  
  76  8:04  Carrier  
  82  8:09  Probe x3  
  85  8:13  Carrier  
  91  8:21  Probe  
  91  8:22  Probe x2  
  94  8:30  Carrier  
  94  8:33  Probe  
  101  8:34  Probe  
  101  8:37  Probe  
  103  8:45  Probe  
  103  8:47  Carrier  
  110  8:55  Protoss Shields Level 1  
  110  9:03  Protoss Air Weapons Level 1  
  110  9:10  Protoss Air Armor Level 1  
  110  9:30  Carrier  
  116  9:39  Nexus  
  116  9:41  Assimilator  
  116  9:45  Assimilator  
  116  9:49  Pylon  
  116  9:51  Pylon  
  116  10:05  Carrier  
  116  10:13  Carrier x2  
  128  10:22  Probe x3  
  131  10:34  Probe x2  
  131  10:35  Pylon  
  133  10:36  Twilight Council  
  133  10:38  Pylon  
  133  10:40  Pylon  
  133  10:42  Pylon  
  133  10:47  Stargate  
  133  10:50  Probe, Stargate  
  134  11:00  Probe x3  
  134  11:02  Carrier  
  134  11:03  Probe  
  144  11:12  Probe x3, Charge  
  144  11:15  Probe  
  148  11:24  Probe x3  
  151  11:29  Nexus  
  151  11:32  Assimilator  
  151  11:33  Probe  
  151  11:36  Probe x2, Assimilator  
  154  11:40  Carrier x2  
  154  11:42  Carrier  
  154  11:44  Probe  
  154  11:45  Probe  
  178  12:29  Pylon  
  190  12:50  Pylon  
  196  12:53  Pylon  
  196  12:54  Pylon  
Show
View Real Time Build Order
Export as new Build Order

Sketchaphone Zerg - Winner!

Build Orders: Hatch First 

Get SALT Encoding   

  12  0:01  Drone  
  13  0:15  Overlord  
  13  0:19  Drone  
  14  0:22  Extractor  
  14  0:23  Drone  
  15  0:36  Drone  
  15  0:39  Drone  
  17  1:00  Hatchery  
  17  1:03  Drone  
  17  1:05  Drone  
  17  1:06  Extractor  
  17  1:23  Drone  
  18  1:28  Spawning Pool  
  18  1:32  Drone  
  18  1:35  Drone  
  19  1:45  Drone  
  20  1:59  Drone  
  21  2:04  Overlord  
  21  2:23  Lair  
  21  2:28  Queen  
  23  2:31  Drone  
  23  2:33  Overlord  
  23  2:34  Overlord, Drone  
  23  2:35  Drone  
  26  2:40  Roach Warren  
  26  2:41  Drone  
  26  2:50  Zergling x2  
  27  2:56  Zergling x2  
  28  2:58  Drone  
  28  2:59  Drone  
  30  3:10  Metabolic Boost  
  30  3:13  Drone  
  30  3:15  Drone  
  32  3:26  Hatchery  
  31  3:29  Glial Reconstitution  
  31  3:35  Drone  
  31  3:37  Queen  
  35  3:41  Drone  
  35  3:43  Zergling x2  
  36  3:55  Zergling x2  
  37  4:03  Roach x2  
  37  4:04  Zergling x4  
  37  4:06  Spore Crawler  
  42  4:14  Extractor  
  42  4:15  Drone x2, Extractor  
  42  4:17  Zergling x8  
  45  4:35  Spore Crawler  
  44  4:40  Spore Crawler  
  44  4:42  Spore Crawler  
  41  4:56  Spore Crawler  
  41  4:58  Roach x6, Spore Crawler  
  39  5:07  Zergling x6  
  39  5:10  Drone  
  35  5:20  Drone x2  
  36  5:26  Drone  
  35  5:40  Drone x3  
  37  5:51  Hydralisk Den  
  37  5:57  Drone x2  
  38  6:13  Drone  
  38  6:15  Drone  
  38  6:16  Drone  
  41  6:19  Overlord  
  41  6:20  Overlord  
  41  6:26  Overlord  
  41  6:38  Queen  
  43  6:40  Drone x2  
  45  6:49  Hydralisk  
  45  6:50  Hydralisk  
  46  7:25  Drone x2  
  46  7:26  Drone x4  
  46  7:29  Drone x2  
  53  7:32  Hydralisk x3  
  53  7:33  Drone  
  60  7:48  Evolution Chamber  
  60  7:49  Drone x2  
  61  7:51  Queen  
  61  7:57  Overlord  
  64  7:58  Drone  
  64  8:01  Drone  
  65  8:29  Drone  
  65  8:30  Drone x5  
  71  8:37  Overlord  
  71  8:42  Zergling x2  
  72  8:51  Zerg Melee Weapons Level 1  
  72  8:53  Drone  
  72  8:55  Hatchery  
  72  8:56  Overlord  
  72  9:10  Zergling x18  
  72  9:11  Overlord  
  72  9:12  Overlord  
  73  9:24  Roach x3  
  73  9:26  Hydralisk  
  76  9:48  Hydralisk x10  
  82  9:59  Zergling x8  
  79  10:00  Zergling x4  
  79  10:06  Hydralisk  
  75  10:15  Drone x3  
  75  10:21  Drone x2  
  80  10:38  Grooved Spines  
  80  10:39  Overlord  
  80  10:40  Overlord  
  80  10:41  Hydralisk x4  
  80  10:42  Hydralisk x2  
  92  10:51  Drone x4  
  92  10:52  Drone x3  
  99  11:18  Infestation Pit  
  98  11:23  Queen  
  98  11:24  Drone x9  
  98  11:25  Drone x3  
  111  11:26  Extractor  
  111  11:27  Extractor  
  111  11:30  Extractor  
  108  11:35  Queen  
  108  11:37  Drone  
  111  11:43  Pneumatized Carapace  
  111  11:58  Pathogen Glands  
  111  11:59  Overlord  
  111  12:00  Overlord  
  111  12:01  Swarm Host  
  111  12:03  Zergling x10  
  119  12:33  Evolution Chamber  
Show
View Real Time Build Order
Export as new Build Order

COMMODORE Protoss 

Build Orders: Phoenix Opening 

Get SALT Encoding   

  1  0:00  Probe  
  12  0:06  Probe  
  14  0:24  Pylon, Probe  
  15  0:42  Probe  
  16  0:47  Gateway  
  16  0:56  Probe, Assimilator x2  
  17  1:05  Probe  
  18  1:16  Forge  
  19  1:25  Probe  
  19  1:34  Zealot  
  19  1:37  Probe  
  22  1:47  Cybernetics Core  
  22  1:49  Probe  
  23  2:27  Stargate  
  23  2:30  Stargate  
  23  2:34  Pylon  
  23  2:36  Pylon  
  23  2:53  Pylon x2  
  23  2:55  Probe  
  24  3:04  Stalker  
  26  3:07  Probe  
  26  3:08  Phoenix  
  29  3:26  Phoenix  
  31  3:56  Nexus  
  31  4:32  Void Ray x2  
  31  5:17  Void Ray  
  31  5:28  Probe  
  32  5:36  Probe  
  32  5:40  Probe  
  33  5:46  Probe  
  33  5:48  Probe  
  36  5:58  Probe  
  37  6:05  Pylon  
  37  6:06  Pylon  
  37  6:09  Probe  
  38  6:13  Probe  
  38  6:18  Probe  
  40  6:26  Probe  
  41  6:35  Photon Cannon  
  41  6:36  Probe  
  41  6:37  Photon Cannon  
  42  6:46  Photon Cannon  
  42  6:48  Probe  
  42  7:06  Void Ray x2  
  46  7:19  Photon Cannon, Probe  
  44  7:27  Probe  
  45  7:44  Pylon  
  45  7:45  Pylon  
  37  7:52  Phoenix  
  35  8:05  Phoenix  
  35  8:14  Probe  
  36  8:28  Probe  
  37  8:42  Phoenix  
  37  8:43  Phoenix  
  40  9:48  Nexus  
  38  9:56  Probe  
  38  9:57  Phoenix  
  37  10:04  Probe  
  37  10:06  Phoenix  
  32  10:24  Phoenix  
  32  10:31  Phoenix  
  36  10:42  Probe  
  37  10:54  Probe  
  38  11:05  Probe  
  39  11:13  Probe  
  38  11:22  Probe  
  39  11:35  Phoenix  
  39  11:43  Phoenix  
  43  11:49  Probe  
  42  12:03  Probe  
  40  12:12  Probe  
  40  12:15  Probe  
  41  12:19  Probe  
  41  12:21  Probe  
  43  12:27  Probe x2  
  45  12:33  Probe  
  45  12:37  Probe  
  44  12:39  Probe  
  44  12:45  Photon Cannon  
  44  12:47  Photon Cannon  
  46  12:52  Pylon  
Show
View Real Time Build Order
Export as new Build Order

KeltWarrior Terran 

Build Orders:  

Get SALT Encoding   

  12  0:01  SCV  
  13  0:14  SCV  
  14  0:20  Supply Depot  
  14  0:26  SCV  
  15  0:43  Barracks  
  15  0:50  Barracks  
  15  0:52  SCV  
  16  1:03  Supply Depot  
  16  1:05  SCV  
  17  1:11  Refinery  
  17  1:17  SCV  
  18  1:24  Refinery  
  18  1:31  Marine  
  19  1:37  Marine  
  20  1:43  Orbital Command  
  20  1:49  Marine  
  21  2:04  Marine  
  22  2:10  Factory, SCV  
  22  2:14  Marine  
  24  2:22  Marine, SCV  
  26  2:27  Supply Depot  
  26  2:32  Marine  
  26  2:34  SCV  
  28  2:45  Marine  
  28  2:46  SCV  
  28  2:50  Marine  
  31  2:53  Starport  
  31  2:55  Factory Reactor  
  31  3:03  Marine  
  31  3:04  SCV  
  33  3:08  Marine  
  34  3:16  SCV  
  34  3:19  Supply Depot  
  35  3:21  Marine  
  35  3:26  Marine  
  37  3:38  Medivac  
  37  3:40  Marine  
  37  3:41  Medivac  
  42  3:43  Factory Tech Lab  
  42  3:52  Supply Depot  
  42  3:54  Marine  
  43  3:58  Marine  
  43  4:02  Siege Tank  
  47  4:24  Engineering Bay  
  47  4:37  Command Center  
  46  4:49  Marine x2  
  41  5:07  Marine x2  
  41  5:25  Marine x2  
  37  5:40  Terran Infantry Weapons Level 1  
  37  5:42  Missile Turret  
  36  5:50  Missile Turret  
  36  5:56  Orbital Command  
  35  5:57  Barracks Tech Lab  
  35  5:58  Missile Turret  
  35  5:59  Barracks Reactor  
  35  6:00  SCV  
  36  6:08  Missile Turret  
  36  6:10  Missile Turret  
  36  6:12  SCV  
  36  6:17  Stimpack, Marine  
  38  6:20  Missile Turret  
  38  6:21  Medivac  
  38  6:24  SCV  
  41  6:27  Medivac  
  41  6:32  SCV  
  44  6:35  Marine  
  44  6:36  SCV  
  44  6:37  Marine x2  
  48  6:44  SCV  
  49  6:49  SCV  
  49  6:53  Marine  
  51  6:55  Marine x2  
  51  6:56  SCV  
  51  7:01  SCV  
  55  7:08  Medivac, SCV  
  57  7:11  Marine  
  57  7:12  Marine x2  
  57  7:13  SCV  
  58  7:20  SCV  
  56  7:25  SCV  
  56  7:28  Marine, Missile Turret  
  58  7:30  Marine x2  
  58  7:32  SCV  
  58  7:35  Missile Turret  
  61  7:37  Armory, Terran Infantry Armor Level 1, SCV  
  61  7:40  Widow Mine  
  64  7:44  SCV  
  64  7:46  Marine  
  64  7:49  SCV  
  67  7:51  Factory  
  67  7:53  Supply Depot  
  67  7:57  SCV  
  68  8:00  Medivac  
  70  8:05  Missile Turret  
  70  8:14  Medivac, Marine, SCV x2  
  70  8:15  Widow Mine  
  70  8:17  Combat Shield  
  77  8:26  SCV  
  78  8:28  Terran Vehicle And Ship Armor Level 1  
  78  8:32  Supply Depot  
  78  8:34  Supply Depot  
  78  8:35  Factory Reactor, Supply Depot  
  78  8:36  Supply Depot  
  78  8:37  Supply Depot  
  78  8:43  Refinery  
  78  8:45  Refinery  
  78  8:54  Medivac, SCV  
  69  9:58  Marine  
  69  9:59  Marine x2  
  51  10:16  Marine x2  
  51  10:17  Marine  
  54  10:21  Missile Turret  
  54  10:24  Widow Mine x2  
  54  10:25  Widow Mine  
  60  10:28  Terran Vehicle And Ship Armor Level 2  
  60  10:29  Terran Infantry Weapons Level 2  
  60  10:34  Marine x3  
  63  10:46  Widow Mine x3  
  63  10:47  Barracks  
  69  10:50  Barracks x2, Starport  
  69  10:52  Marine x3  
  69  10:53  SCV  
  69  10:54  SCV  
  74  11:05  SCV  
  74  11:06  SCV  
  74  11:07  Widow Mine x3  
  74  11:09  Marine  
  74  11:10  Marine  
  84  11:24  Supply Depot  
  84  11:26  Supply Depot x2  
  84  11:27  Starport Reactor  
  84  11:28  Widow Mine  
  84  11:29  Widow Mine x2  
  90  11:50  Widow Mine x3, Command Center  
  96  12:11  Widow Mine  
  96  12:13  Missile Turret  
  96  12:14  Missile Turret  
  96  12:15  Missile Turret  
  98  12:25  Supply Depot  
  98  12:26  Supply Depot  
  98  12:28  Widow Mine x2, Supply Depot  
  98  12:29  Supply Depot  
  102  12:32  Widow Mine, Supply Depot  
  104  12:42  Command Center  
Tags
 
Add a new tag
Caveats
  • Supply blocks, unpowered buildings, or Contaminate may cause inaccurate times.
  • Supply counts are checked every 10 seconds.